AoeStats
← Pol Pot·波尔布特

Arena

510340853Analyzed
4v4 RM · 3d ago on Sep 30, 2026· 54m 48s· 8 players
Game mode
Random Map
Map size
Large (8 player)
Population
200
Speed
Normal
Resources
Standard
Victory
Conquest
Starting age
Dark Age
Ending age
Imperial Age
RankedLock teamsTeams togetherTeam positionsShared explorationLock speedFull tech treeHidden civsTurbo modeCheats
Victory
Defeat
🇨🇳 Spanish · China
1399
+14
🇹🇼 Teutons · Taiwan
1379
+15
🇹🇷 Lithuanians · Türkiye
1372
+15
🇨🇳 Danes · China
1322
+17
🇵🇪 Saracens · Peru
1360
-16
🇨🇴 Bulgarians · Colombia
1356
-15
🇵🇪 Teutons · Peru
1345
-15
🇺🇸 Hindustanis · United States
1334
-15
slapstickisfunny
11:07 Feudal Age
12:07 Loom
15:18 Castle Age
13:42 Double-Bit Axe
14:21 Horse Collar
15:10 Bloodlines
15:48 Scale Barding Armor
24:10 Bow Saw
25:30 Chain Barding Armor
31:26 Forging
32:12 Heavy Plow
32:25 Gold Mining
32:26 Stone Mining
36:32 Imperial Age
36:09 Gold Shaft Mining
36:10 Stone Shaft Mining
36:29 Iron Casting
36:36 Grand Trunk Road
36:46 Scale Mail Armor
36:50 Padded Archer Armor
38:20 Chemistry
37:26 Siege Engineers
38:25 Two-Man Saw
37:31 Heavy Camel Rider
39:00 Shatagni
39:52 Fletching
42:36 Ballistics
43:51 Wheelbarrow
43:03 Town Watch
44:06 Leather Archer Armor
44:14 Conscription
44:58 Masonry
45:08 Hand Cart
46:36 Bodkin Arrow
47:18 Plate Barding Armor
47:32 Hoardings
Fenix
10:08 Feudal Age
11:01 Double-Bit Axe
21:13 Castle Age
27:49 Redemption
28:21 Sanctity
29:02 Sanctity
33:56 Bow Saw
36:03 Loom
38:16 Horse Collar
39:30 Gold Mining
Anakin
5:38 Loom
9:11 Feudal Age
11:04 Fletching
15:14 Double-Bit Axe
25:46 Castle Age
24:24 Scale Mail Armor
27:30 Bodkin Arrow
31:58 Chain Mail Armor
33:50 Forging
36:04 Iron Casting
38:06 Squires
42:37 Imperial Age
43:43 Conscription
44:23 Plate Mail Armor
45:05 Ballistics
45:46 Chemistry
zularombr
5:38 Loom
8:22 Feudal Age
10:51 Arson
13:57 Fletching
20:54 Double-Bit Axe
28:43 Castle Age
26:52 Gold Mining
27:50 Scale Barding Armor
27:55 Forging
27:28 Horse Collar
30:03 Bow Saw
29:55 Bodkin Arrow
30:27 Chain Barding Armor
30:15 Squires
30:17 Town Watch
30:44 Heavy Plow
35:30 Wheelbarrow
35:41 Bloodlines
35:56 Husbandry
37:09 Hand Cart
37:57 Iron Casting
39:03 Masonry
Ren
9:20 Loom
11:06 Feudal Age
12:19 Double-Bit Axe
12:45 Horse Collar
17:20 Gold Mining
18:15 Fletching
21:40 Castle Age
21:57 Wheelbarrow
23:01 Bodkin Arrow
26:07 Bow Saw
27:56 Heavy Plow
30:18 Fortified Wall
35:20 Imperial Age
34:19 Fortified Wall
34:23 Padded Archer Armor
35:23 Leather Archer Armor
36:47 Bracer
37:21 Ring Archer Armor
38:26 Bloodlines
38:16 Husbandry
39:16 Conscription
39:45 Scale Barding Armor
39:51 Forging
40:59 Chain Barding Armor
40:01 Light Cavalry
42:23 Iron Casting
41:10 Hussar
43:42 Hand Cart
45:04 Bracer
44:28 Elite Conquistador
45:06 Town Watch
47:47 Two-Man Saw
47:42 Guilds
48:33 Bracer
51:19 Supremacy
52:03 Blast Furnace
51:39 Plate Barding Armor
53:53 Chemistry
53:13 Ballistics
飛衫走奶
6:29 Loom
8:55 Feudal Age
11:15 Fletching
16:33 Double-Bit Axe
16:29 Horse Collar
19:20 Wheelbarrow
23:38 Castle Age
23:44 Forging
23:40 Scale Barding Armor
24:08 Bloodlines
27:20 Bow Saw
Dwight
9:48 Feudal Age
13:46 Castle Age
11:36 Loom
13:56 Castle Age
22:28 Pikeman
29:55 Scale Mail Armor
30:40 Squires
33:37 Double-Bit Axe
36:59 Imperial Age
34:30 Stone Mining
34:52 Horse Collar
35:41 Chain Mail Armor
36:20 Bow Saw
37:18 Wheelbarrow
37:31 Fletching
38:37 Halberdier
39:46 Forging
39:36 Bodkin Arrow
40:48 Forging
40:52 Bracer
41:48 Conscription
44:02 Chemistry
43:04 Padded Archer Armor
43:40 Murder Holes
43:19 Capped Ram
45:02 Two-Man Saw
45:47 Leather Archer Armor
50:43 Iron Casting
50:39 Ring Archer Armor
49:55 Elite Skirmisher
50:40 Thumb Ring
51:17 Hand Cart
50:48 Town Watch
51:10 Heavy Plow
51:23 Onager
52:19 Masonry
51:50 Treadmill Crane
52:31 Ballistics
54:14 Tower Shields
54:56 Arson
Pol Pot·波尔布特
10:33 Feudal Age
11:16 Double-Bit Axe
14:28 Castle Age
13:46 Fletching
16:27 Loom
17:00 Horse Collar
21:01 Wheelbarrow
22:03 Bow Saw
22:45 Heavy Plow
23:19 Gold Mining
26:50 Stone Mining
27:37 Gold Shaft Mining
28:44 Hand Cart
29:21 Stone Shaft Mining
29:40 Scale Mail Armor
32:36 Imperial Age
31:27 Chain Mail Armor
31:23 Forging
33:42 Conscription
34:01 Plate Mail Armor
34:07 Iron Casting
33:31 Arson
33:46 Squires
33:55 Devotion
33:27 Elite Jomsviking
34:07 Bodkin Arrow
34:34 Hamask
37:01 Blast Furnace
42:44 Bodkin Arrow
42:49 Padded Archer Armor
44:24 Hoardings
44:18 Ballistics
44:59 Chemistry
43:23 Northmen's Fury
44:06 Bracer
44:21 Leather Archer Armor
44:04 Heavy Mounted Crossbowman
44:05 Cranequins
44:52 Thumb Ring
45:30 Husbandry
45:41 Bloodlines
45:53 Capped Ram
46:44 Siege Engineers
50:30 Siege Ram
51:28 Onager
53:16 Siege Onager
Connection lost

Rejoining the realm…

Still unreachable

The connection could not be restored.

Session expired

The server has moved on; the page needs a fresh start.